 Dungeon Crawl Stone Soup version 0.26.1-11-gd32895ea62 (webtiles) character file.

Game seed: 11523660755363457527

5875 ubername the Carver (level 10, -13/77 HPs)
             Began as a Barachi Berserker on July 11, 2021.
             Was an Elder of Trog.
             Killed from afar by a gargoyle (16 damage)
             ... with a stone arrow
             ... on level 11 of the Dungeon.
             The game lasted 00:26:30 (12738 turns).

ubername the Carver (Barachi Berserker)            Turns: 12738, Time: 00:26:30

Health: -13/77     AC: 16    Str: 22    XL:     10   Next: 81%
Magic:  10/10      EV: 12    Int:  7    God:    Trog [****..]
Gold:   671        SH:  0    Dex: 24    Spells: 9/9 levels left

rFire    . . .     SeeInvis .   D - +0 long sword
rCold    . . .     Faith    .   (no shield)
rNeg     . . .     Spirit   .   g - +2 chain mail of the Modern Bounties {+Blink Str-3 Dex+9}
rPois    .         Reflect  .   t - +0 helmet
rElec    .         Harm     .   x - +0 cloak
rCorr    .         Rampage  .   q - +0 pair of gloves
Will     .....                  (no boots)
Stlth    ..........             m - amulet of the acrobat
HPRegen  0.22/turn              l - +6 ring of strength
MPRegen  0.12/turn              (no ring)

@: mighty, berserk cooldown, slowed, very slow
A: +LOS, swims, slowness 1, strong legs 1
a: Hop, Renounce Religion, Evoke Blink, Berserk, Trog's Hand, Brothers in Arms


You were on level 11 of the Dungeon.
You worshipped Trog.
Trog was greatly pleased with you.
You visited 1 branch of the dungeon, and saw 11 of its levels.

You collected 671 gold pieces.

Inventory:

Hand Weapons
 w - a +5 dagger
 C - a +2 dagger of freezing
 D - a +0 long sword (weapon)
Missiles
 k - 68 poisoned darts (quivered)
 n - 7 atropa-tipped darts
Armour
 g - the +2 chain mail of the Modern Bounties (worn) {+Blink Str-3 Dex+9}
   (You found it on level 10 of the Dungeon)

   It affects your strength (-3).
   It affects your dexterity (+9).
   It lets you blink.
 p - a +2 tower shield
 q - a +0 pair of gloves (worn)
 t - a +0 helmet (worn)
 x - a +0 cloak (worn)
 y - a +0 scale mail
Jewellery
 l - a +6 ring of strength (left hand)
 m - an amulet of the acrobat (around neck)
Wands
 d - a wand of iceblast (16)
 z - a wand of flame (40)
 A - a wand of paralysis (7)
Scrolls
 c - 2 scrolls of fear
 e - a scroll of fog
 i - a scroll of magic mapping
 o - a scroll of torment {unknown}
 r - a scroll of enchant armour {unknown}
 s - a scroll of teleportation
 u - a scroll of blinking
 E - 7 scrolls of remove curse
 F - a scroll of immolation {unknown}
Potions
 a - a potion of heal wounds {unknown}
 b - a potion of mutation {unknown}
 f - 2 potions of might
 h - 2 potions of flight
 j - a potion of invisibility {unknown}
 B - 3 potions of curing
 G - a potion of haste {unknown}
 H - a potion of cancellation {unknown}


   Skills:
 + Level 6.8 Fighting
 + Level 7.3(9.3) Short Blades
 * Level 9.6(10.8) Long Blades
 + Level 1.0 Throwing
 * Level 7.5 Armour
 + Level 5.4 Dodging
 - Level 8.6 Shields
 * Level 2.0 Evocations


You had 9 spell levels left.
You didn't know any spells.
Your spell library was empty.

Dungeon Overview and Level Annotations

Branches:
Dungeon (11/15)            Temple (0/1) D:5            Lair (0/6) D:8
    Orc: D:9-12

Altars:
Ashenzari
Dithmenos
Kikubaaqudgha
Okawaru
Qazlal
Ru
Wu Jian

Annotations:
D:5 2 transporters, NOTTavin's ghost, novice DsFi


Innate Abilities, Weirdness & Mutations

You can be seen from farther away. (+LOS)
You can swim through water.
You cover ground slowly.
You can hop short distances.


Message History

The gargoyle is severely damaged.
The gargoyle hurls a stone arrow at you.
The stone arrow hits you!!
* * * LOW HITPOINT WARNING * * *
You barely miss the gargoyle.
The gargoyle is severely damaged.
The gargoyle barely misses you.
You riposte.
You hit the gargoyle but do no damage.
The gargoyle is severely damaged.
You hit the gargoyle but do no damage.
The gargoyle is severely damaged.
The gargoyle hurls a stone arrow at you.
The stone arrow hits you.
* * * LOW HITPOINT WARNING * * *
The gargoyle barely misses you.
Your chain mail of the Modern Bounties prevents you from hitting the gargoyle.
The gargoyle is severely damaged.
The gargoyle hurls a stone arrow at you.
The stone arrow hits you!
You die...

#.###.... #...#.#.
#...... #.....#
#.....# #.....#
#..Y..# #9# #@#
#.# #.#
#.###########
######...........#
#<...###########.#
####.# #...# #.#
#.####.#.####:#
#.............#


You could see a yak and a gargoyle.

Vanquished Creatures
  Joseph (D:7)
  The ghost of Happyhead the Conjurer, an amateur DrCj (D:4)
  9 yaks
  A wyvern (D:10)
  Menkaure (D:7)
  3 wargs (D:8)
  An orc warrior (D:8)
  A black bear (D:8)
  3 sky beasts
  3 ice beasts
  An eye of draining (D:8)
  3 ogres
  2 centaurs
  A big kobold (D:8)
  3 bullfrogs
  4 scorpions
  A wyvern skeleton (D:7)
  7 electric eels (D:10)
  5 howler monkeys
  A centaur zombie (D:10)
  2 bullfrog zombies (D:6)
  2 hounds
  2 jellies
  9 orc wizards
  7 orc priests
  Crazy Yiuf (D:7)
  2 centaur skeletons
  5 worker ants
  A hound skeleton (D:4)
  A worker ant zombie (D:6)
  8 gnolls
  12 adders
  A white imp (D:9)
  4 ufetubi
  An ooze (D:3)
  An adder skeleton (D:8)
  3 worms
  3 dart slugs
  4 leopard geckos
  30 orcs
  5 bats
  7 giant cockroaches
  7 goblins
  4 hobgoblins
  9 jackals
  8 quokkas
  A ball python skeleton (D:4)
  4 frilled lizards
  A jackal skeleton (D:4)
  A jackal zombie (D:7)
  17 kobolds
  A leopard gecko zombie (D:7)
  2 quokka skeletons
  3 rats
221 creatures vanquished.

Vanquished Creatures (others)
  2 plants (D:8)
2 creatures vanquished.

Grand Total: 223 creatures vanquished

Notes
Turn   | Place    | Note
-------+----------+-------------------------------------------
     0 | D:1      | ubername the Barachi Berserker began the quest for the Orb.
     0 | D:1      | Reached XP level 1. HP: 18/18 MP: 1/1
   191 | D:1      | Reached skill level 4 in Long Blades
   191 | D:1      | Reached XP level 2. HP: 25/25 MP: 2/2
   685 | D:1      | Reached XP level 3. HP: 30/30 MP: 3/3
  1520 | D:2      | Reached skill level 1 in Shields
  1520 | D:2      | Reached XP level 4. HP: 34/38 MP: 4/4
  2055 | D:3      | Reached ** piety under Trog
  2110 | D:3      | Reached XP level 5. HP: 41/43 MP: 5/5
  2363 | D:3      | Reached skill level 5 in Long Blades
  3033 | D:4      | Noticed Happyhead's ghost (amateur DrCj)
  3034 | D:4      | Found a runed translucent door.
  3290 | D:4      | Reached XP level 6. HP: 49/49 MP: 6/6
  3782 | D:4      | Killed Happyhead's ghost
  3783 | D:4      | Reached skill level 1 in Short Blades
  3783 | D:4      | Reached XP level 7. HP: 55/55 MP: 7/7
  3842 | D:5      | Entered Level 5 of the Dungeon
  3850 | D:5      | Found a broken altar of Ashenzari.
  3851 | D:5      | Found an iron altar of Okawaru.
  3861 | D:5      | Found a staircase to the Ecumenical Temple.
  3880 | D:5      | Found a transporter.
  3966 | D:5      | Reached skill level 5 in Fighting
  4174 | D:5      | Found a transporter.
  4176 | D:5      | Noticed NOTTavin's ghost (novice DsFi)
  4769 | D:5      | Reached skill level 5 in Shields
  4812 | D:5      | Reached skill level 6 in Long Blades
  4812 | D:5      | Reached XP level 8. HP: 60/62 MP: 8/8
  4980 | D:5      | Reached *** piety under Trog
  5532 | D:6      | Reached skill level 5 in Armour
  6641 | D:7      | Reached XP level 9. HP: 68/68 MP: 9/9
  6713 | D:7      | Noticed Joseph
  6736 | D:7      | Killed Joseph
  7067 | D:7      | Found a sacrificial altar of Ru.
  7074 | D:7      | Found an ancient bone altar of Kikubaaqudgha.
  7184 | D:7      | Reached skill level 7 in Long Blades
  7261 | D:7      | Reached skill level 5 in Short Blades
  7283 | D:7      | Noticed Menkaure
  7289 | D:7      | Killed Menkaure
  7289 | D:7      | Reached **** piety under Trog
  7362 | D:7      | Got a warped dire flail
  7437 | D:7      | Found a shadowy altar of Dithmenos.
  7748 | D:7      | Found a runed translucent door.
  7749 | D:7      | Noticed Crazy Yiuf
  7757 | D:7      | Killed Crazy Yiuf
  7794 | D:7      | Identified the cursed +1 dire flail of Vuopail {vorpal,
                  | *Drain Int+4} (You found it on level 7 of the Dungeon)
  8927 | D:8      | Reached skill level 1 in Throwing
  8927 | D:8      | Reached XP level 10. HP: 34/76 MP: 10/10
  9189 | D:8      | Found a staircase to the Lair.
  9216 | D:8      | Reached skill level 8 in Long Blades
  9470 | D:8      | Found a stormy altar of Qazlal.
 10499 | D:9      | Reached skill level 5 in Dodging
 10636 | D:9      | Found an ornate altar of the Wu Jian Council.
 11177 | D:10     | Entered Level 10 of the Dungeon
 11490 | D:10     | Found a shadowy altar of Dithmenos.
 11503 | D:10     | Reached skill level 1 in Evocations
 12000 | D:10     | Got a scorched chain mail
 12014 | D:10     | Identified the +2 chain mail of the Modern Bounties {+Blink
                  | Str-3 Dex+9} (You found it on level 10 of the Dungeon)
 12477 | D:10     | Reached skill level 9 in Long Blades
 12700 | D:11     | Noticed a gargoyle
 12737 | D:11     | HP: 2/77 [gargoyle/stone arrow (2)]
 12738 | D:11     | Killed from afar by a gargoyle

Illustrated notes

Levels and vault maps discovered:
D:1:      erik_arrival_orb_chamber, layout_basic, chequers_serial_rivers_room_b
D:2:      layout_loops_ring
D:3:      minmay_bubble_buster, layout_loops_cross
D:4:      layout_basic, hellmonk_ghost_happy_afterlife,
          minmay_goblin_kobold_house
D:5:      layout_loops_ring, gammafunk_temple_overflow_statue,
          minmay_temple_entry_glass, gammafunk_ghost_mausoleum
D:6:      layout_basic
D:7:      layout_layer_cave, gammafunk_temple_overflow_pools,
          corexii_checkpoint_b, lemuel_statue_altar, uniq_joseph,
          uniq_crazy_yiuf_cottage, uniq_menkaure
D:8:      layout_loops_cross, erik_lair_orcish_takeover,
          nicolae_qazlal_eye_of_the_storm
D:9:      layout_cave_pods, david_defended_altar_elf
D:10:     layout_basic, basic_altar, grunt_decor_resistance
D:11:     layout_basic, orc_0_dummy, gauntlet_entry_generic

Skill      XL: |  1  2  3  4  5  6  7  8  9 10 |
---------------+-------------------------------+-----
Long Blades    | 4 5 6 7 9 |  9.6
Fighting       | 4 5 6 |  6.8
Armour         | 3 4 5 6 7 |  7.5
Shields        | 1 2 3 4 5 6 8 |  8.6
Short Blades   | 1 3 4 6 7 |  7.3
Dodging        | 3 4 5 |  5.4
Throwing       | 1 |  1.0
Evocations     | 2 |  2.0

Action                   |  1- 3 |  4- 6 |  7- 9 | 10-12 || total
-------------------------+-------+-------+-------+-------++-------
Melee: Falchion          |    88 |   115 |       |       ||   203
       Dagger            |       |    53 |   437 |   153 ||   643
       Long sword        |       |       |       |   118 ||   118
Throw: Dart              |     6 |     6 |     8 |       ||    20
Invok: Berserk           |     2 |     5 |    17 |     4 ||    28
Evoke: Wand              |       |       |       |     9 ||     9
  Use: Scroll            |       |     2 |    18 |     2 ||    22
       Potion            |       |       |     1 |     2 ||     3
Armor: Animal skin       |    18 |    39 |     5 |       ||    62
       Leather armour    |       |       |    46 |    33 ||    79
       Chain mail        |       |       |       |    10 ||    10
       Scale mail        |       |       |       |     6 ||     6
Dodge: Dodged            |    43 |    39 |    96 |   134 ||   312
Block: Tower shield      |    52 |   142 |   221 |       ||   415
       Rpst.: Falchion   |    13 |     8 |       |       ||    21
       Long sword        |       |       |       |    19 ||    19
